 Dungeon Crawl Stone Soup version 0.30-a0-358-g0d69a1922f (webtiles) character file.

Game seed: 1402665225878595549

718 koil the Chopper (level 7, -4/90 HPs)
             Began as a Hill Orc Reaver on Nov 8, 2022.
             Succumbed to a water moccasin's poison
             ... on level 5 of the Dungeon.
             The game lasted 00:11:15 (4430 turns).

koil the Chopper (Hill Orc Reaver)                  Turns: 4430, Time: 00:11:16

Health: -4/90      AC: 10    Str: 15    XL:     7   Next: 70%
Magic:  10/10      EV: 12    Int: 15    God:
Gold:   264        SH:  5    Dex:  9    Spells: 10/11 levels left

rFire   . . .      SeeInvis .    a - +0 hand axe
rCold   . . .      Faith    .    (no shield)
rNeg    . . .      Spirit   .    y - +0 steam dragon scales
rPois   .          Reflect  +    (no helmet)
rElec   .          Harm     .    (no cloak)
rCorr   .          Rampage  .    (no gloves)
Will    .....                    (no boots)
Stlth   ..........               x - amulet of reflection
HPRegen 0.35/turn                t - +4 ring of protection
MPRegen 0.12/turn                (no ring)

@: mighty, berserking, lethally poisoned (-4 -> -33), very quick
A: no striking features
a: no special abilities


You were on level 5 of the Dungeon.
You visited 1 branch of the dungeon, and saw 5 of its levels.

You collected 264 gold pieces.

Inventory:

Hand Weapons
 a - a +0 hand axe (weapon)
 q - a +2 short sword of draining
 v - a +3 scythe
Armour
 b - a +0 leather armour
 c - a +0 ring mail
 h - a +0 scale mail
 y - +0 steam dragon scales (worn)
 A - a +0 chain mail
Jewellery
 k - a ring of ice
 t - a +4 ring of protection (left hand)
 x - an amulet of reflection (around neck)
Wands
 o - a wand of iceblast (2)
 w - a wand of polymorph (13)
 E - a wand of quicksilver (7)
Scrolls
 d - a scroll of poison {unknown}
 e - a scroll of immolation {unknown}
 f - 6 scrolls of identify {unknown}
 g - a scroll of butterflies {unknown}
 i - a scroll of enchant armour {unknown}
 j - 2 scrolls of noise {unknown}
 m - a scroll of torment {unknown}
 r - a scroll of summoning {unknown}
 u - 2 scrolls of teleportation {unknown}
 z - a scroll of magic mapping {unknown}
Potions
 l - 2 potions of might
 p - a potion of haste {unknown}
 s - a potion of lignification {unknown}
 B - 2 potions of degeneration {unknown}
 C - a potion of magic {unknown}
 D - a potion of curing {unknown}


   Skills:
 + Level 4.4 Fighting
 + Level 5.5 Axes
 * Level 4.5 Armour
 + Level 2.9 Dodging
 + Level 2.6 Spellcasting
 + Level 4.3 Conjurations
 + Level 0.5 Transmutations


You had 10 spell levels left.
You knew the following spells:

 Your Spells              Type           Power      Damage    Failure   Level
a - Kiss of Death         Conj/Necr      32%        2d7       9%          1

Your spell library contained the following spells:

 Spells                   Type           Power      Damage    Failure   Level
 Momentum Strike          Conj/Tloc      16%        3d8       13%         2
 Sting                    Tmut/Pois      8%         1d3       19%         1
 Hailstorm                Conj/Ice       8%         3d4       26%         3
 Poisonous Vapours        Pois/Air       2%         N/A       32%         2
 Gell's Gravitas          Tloc           1%         N/A       54%         3
 Teleport Other           Tloc           1%         N/A       54%         3
 Olgreb's Toxic Radiance  Pois           1%         N/A       91%         4
 Dispersal                Tloc           0%         N/A       100%        6


Dungeon Overview and Level Annotations

Branches:
Dungeon (5/15)
 Temple: D:4-7

Altars:
Zin

Shops:
D:1 [   D:4 (   D:5 *

Annotations:
D:3 1 runed translucent door, Crazy Yiuf
D:5 2 transporters, porpoise's ghost, novice DjFE


Message History

It was a potion of might.
You feel very mighty all of a sudden.
You feel extremely sick. The water moccasin barely misses you.
The water moccasin bites you but does no damage.
The water moccasin closely misses you.
It was a potion of berserk rage.
A red film seems to cover your vision as you go berserk!
You feel yourself moving faster!
You feel mighty!
You feel very sick. You block the water moccasin's attack.
The water moccasin bites you!
* * * LOW HITPOINT WARNING * * *
The water moccasin bites you.
* * * LOW HITPOINT WARNING * * *
You block the water moccasin's attack.
You are too berserk!
You hit the water moccasin.
The water moccasin is almost dead.
You hit the water moccasin. You closely miss the water moccasin.
* * * LOW HITPOINT WARNING * * *
You feel very sick. The water moccasin bites you!
* * * LOW HITPOINT WARNING * * *
The water moccasin bites you but does no damage.
The water moccasin misses you.
You barely miss the water moccasin.
The water moccasin is almost dead.
You closely miss the water moccasin. You hit the water moccasin.
* * * LOW HITPOINT WARNING * * *
You feel very sick. The water moccasin bites you.
* * * LOW HITPOINT WARNING * * *
You are more poisoned.
The water moccasin poisons you! You block the water moccasin's attack.
The water moccasin closely misses you.
You are too berserk!
You hit the water moccasin.
The water moccasin is almost dead.
You slash the water moccasin! You hit the water moccasin.
You die...

#...............
................
...............
##+##..............
#...#............#.
#.∩.#..............
...#..............
####S##...##.........
###..S@S...# .......#
##..........# .....
..........†## ...
............# .....
##..........# #....##
##.........#####....##.
#.........##..........
##....................
##............##.....


You could see 3 water moccasins.

Vanquished Creatures
  Sigmund (D:2)
  3 ogres
  A hound (D:5)
  2 jellies (D:4)
  2 iguanas
  Robin (D:2)
  5 adders
  A shadow imp (D:4)
  An ufetubus (D:5)
  2 worms
  2 dart slugs
  An orc (D:5)
  10 ball pythons
  9 bats
  11 endoplasms
  3 giant cockroaches
  10 goblins
  9 hobgoblins
  9 kobolds
  7 frilled lizards
  5 rats
95 creatures vanquished.

Notes
Turn   | Place    | Note
-------+----------+-------------------------------------------
     0 | D:1      | koil the Hill Orc Reaver began the quest for the Orb.
     0 | D:1      | Reached XP level 1. HP: 18/18 MP: 3/3
   122 | D:1      | Reached XP level 2. HP: 21/25 MP: 4/4
   139 | D:1      | Found a faded altar of an unknown god.
   314 | D:1      | Reached skill level 1 in Armour
   566 | D:1      | Reached XP level 3. HP: 27/30 MP: 5/5
   684 | D:1      | Found Tanyir's Armour Emporium.
   991 | D:2      | Noticed Robin
  1016 | D:2      | Killed Robin
  1124 | D:2      | Reached XP level 4. HP: 34/37 MP: 6/6
  1279 | D:2      | Noticed Sigmund
  1462 | D:3      | Found a runed translucent door.
  1463 | D:3      | Noticed Crazy Yiuf
  1574 | D:2      | Killed Sigmund
  1575 | D:2      | Reached XP level 5. HP: 34/45 MP: 6/8
  1575 | D:2      | Reached XP level 6. HP: 38/51 MP: 6/9
  2537 | D:3      | Reached skill level 5 in Axes
  3003 | D:4      | Found Raxuenai's Weapon Shoppe.
  3197 | D:4      | Found a glowing silver altar of Zin.
  3225 | D:4      | Reached XP level 7. HP: 59/59 MP: 10/10
  3827 | D:5      | Entered Level 5 of the Dungeon
  3902 | D:5      | Found a transporter.
  3906 | D:5      | Noticed porpoise's ghost (novice DjFE)
  4302 | D:5      | Found a transporter.
  4416 | D:5      | Found Aloe's Serpentskin Sales.
  4427 | D:5      | HP: 17/90 [water moccasin (2)]
  4428 | D:5      | HP: 7/90 [water moccasin (8)]
  4429 | D:5      | HP: 1/90 [water moccasin (3)]
  4430 | D:5      | Succumbed to a water moccasin's poison

Illustrated notes

Levels and vault maps discovered:
D:1:      elethiomel_arrival_shortcut, layout_loops_ring,
          nicolae_ecumenical_snake_handling, serial_shops, shop
D:2:      layout_loops_ring, st_stairs_5, eino_tiny_chamber, uniq_sigmund,
          uniq_robin
D:3:      layout_basic, uniq_crazy_yiuf_cottage
D:4:      layout_loops_cross, mainiacjoe_overflow_alcove_4, serial_shops,
          nicolae_shop_bloodbath_and_beyond
D:5:      layout_layer_cave, minmay_temple_entry_junction,
          gammafunk_ghost_mausoleum, guppyfry_shop_venom

Skill      XL: |  1  2  3  4  5  6  7 |
---------------+----------------------+-----
Armour         | 1 3 4 |  4.5
Dodging        | 2 |  2.9
Fighting       | 3 4 |  4.4
Spellcasting   | 2 |  2.6
Axes           | 5 |  5.5
Conjurations   | 4 |  4.3
Transmutations | |  0.5

Action                   |  1- 3 |  4- 6 |  7- 9 || total
-------------------------+-------+-------+-------++-------
Melee: Hand axe          |   162 |   185 |   113 ||   460
       Punch             |       |     3 |     3 ||     6
Evoke: Wand              |       |     3 |       ||     3
  Use: Potion            |       |       |     2 ||     2
Armor: Ring mail         |    18 |       |       ||    18
       Leather armour    |     2 |       |       ||     2
       Scale mail        |    56 |    65 |       ||   121
       Steam dragon scal |       |    19 |    39 ||    58
Dodge: Dodged            |    87 |    82 |    77 ||   246
Block: Other             |       |    27 |    30 ||    57

Table legend: (Time is in decaauts)
 A = Elapsed time spent in this place.
 B = Non-inter-level travel time spent in this place.
 C = Inter-level travel time spent in this place.
 D = Time resting spent in this place.
 E = Time spent auto-exploring this place.
 F = Levels seen in this place.
 G = Mean time per level.
                   A        B        C        D        E       F      G
               +--------+--------+--------+--------+--------+-----+--------+
         Total |   4458 |   4326 |    132 |    100 |   3328 |   5 |  891.6 |
       Dungeon |   4458 |   4326 |    132 |    100 |   3328 |   5 |  891.6 |
               +--------+--------+--------+--------+--------+-----+--------+

Top non-repeatable levels by time:
     D:4: 1246 daAuts
     D:1: 966 daAuts
     D:2: 955 daAuts
     D:3: 686 daAuts
     D:5: 604 daAuts
